 Dungeon Crawl Stone Soup version 0.32-a0-999-gfa1cc04b1d (webtiles) character file.

Game seed: 8624121990635149412

278 protoss039 the Digger (level 6, 46/46 HPs)
             Began as a Demonspawn Earth Elementalist on Apr 24, 2024.
             Was an Initiate of Vehumet.
             Got out of the dungeon alive.
             The game lasted 00:05:01 (2912 turns).

protoss039 the Digger (DsEE)                        Turns: 2912, Time: 00:05:01

Health: 46/46      AC:  6    Str:  8    XL:     6   Next: 5%
Magic:  11/11      EV: 12    Int: 24    God:    Vehumet [......]
Gold:   129        SH:  0    Dex: 13    Spells: 4/11 levels left

rFire   . . .        c - +0 short sword
rCold   . . .        (no shield)
rNeg    . . .        l - +0 ring mail
rPois   .            (no helmet)
rElec   .            (no cloak)
rCorr   .            j - +0 pair of gloves
SInv    .            (no boots)
Will    .....        o - amulet of magic regeneration
Stlth   +            g - +6 ring of intelligence
HPRegen 0.27/turn    v - ring of flight
MPRegen 0.52/turn

%: no passive effects
@: flying
A: repulsion field 2, foul stench 1, demonic touch 1
a: Renounce Religion


You escaped.
You worshipped Vehumet.
Vehumet was noncommittal.
You visited 2 branches of the dungeon, and saw 5 of its levels.

You collected 129 gold pieces.

Inventory:

Hand Weapons
 c - a +0 short sword (weapon)
Armour
 a - a +0 robe
 j - a +0 pair of gloves (worn)
 l - a +0 ring mail (worn)
Jewellery
 g - a +6 ring of intelligence (left hand)
 o - an amulet of magic regeneration (around neck)
 s - a ring of protection from cold
 v - a ring of flight (right hand)
Scrolls
 d - a scroll of enchant armour {unknown}
 e - a scroll of poison {unknown}
 f - a scroll of fear {unknown}
 i - a scroll of enchant weapon {unknown}
 n - a scroll of revelation {unknown}
 q - a scroll of teleportation {unknown}
 u - 2 scrolls of fog {unknown}
Potions
 b - a potion of magic
 h - a potion of attraction {unknown}
 k - a potion of degeneration {unknown}
 m - a potion of heal wounds
 p - a potion of enlightenment {unknown}
 r - a potion of berserk rage {unknown}
 t - a potion of haste {unknown}


   Skills:
 + Level 2.8 Fighting
 + Level 2.5 Dodging
 - Level 1.7 Stealth
 + Level 3.3 Spellcasting
 + Level 2.0 Conjurations
 + Level 3.9 Earth Magic


You had 4 spell levels left.
You knew the following spells:

 Your Spells              Type           Power      Damage    Failure   Level
a - Sandblast             Erth           44%        2d11      6%          1
b - Passwall              Erth           22%        N/A       19%         3
c - Stone Arrow           Conj/Erth      36%        3d9       28%         3

Your spell library contained the following spells:

 Spells                   Type           Power      Damage    Failure   Level
 Slow                     Hex            16%        N/A       32%         1
 Summon Small Mammal      Summ           16%        N/A       32%         1
 Call Canine Familiar     Summ           4%         N/A       67%         3
 Brom's Barrelling Bould  Conj/Erth      18%        2d4       67%         4
 Petrify                  Alch/Erth      13%        N/A       82%         4
 Summon Blazeheart Golem  Fire/Summ      4%         N/A       97%         4


Dungeon Overview and Level Annotations

Branches:
Dungeon (4/15) Zot: 21072  Temple (1/1) D:4 Zot: 5969

Altars:
Ashenzari
Cheibriados
Dithmenos
Hepliaklqana
Nemelex Xobeh
Sif Muna
Trog
Uskayaw
Vehumet
Wu Jian
Yredelemnul

Annotations:
Temple 2 transporters


Innate Abilities, Weirdness & Mutations

You are surrounded by a moderate repulsion field. (EV +3)
You may rarely emit foul miasma when damaged in melee.
Your touch may inflict minor irresistible damage on your foes.


Message History

Unknown command.
Unknown command.
Casting: Stone Arrow (quite dangerous; 28% risk of failure)
Confirm with . or Enter, or press ? or * to list all spells.
Aiming: Sandblast (safe; 7% risk of failure)
Press: ? - help, Shift-Dir - straight line, f/p - iguana
Aim: an iguana (severely wounded, 85% to hit)
The blast of sand hits the iguana.
The iguana is almost dead.
The iguana barely misses you.
The iguana bites you but does no damage.
You hit the iguana.
You touch the iguana.
You kill the iguana!
Vehumet accepts your kill.
You have reached level 6!
Your demonic ancestry asserts itself...
You begin to emit a foul stench of rot and decay.
No target in view!
Unknown command.
Magic restored.
There is a stone staircase leading up here.
You fly upwards.
There is a stone staircase leading down here.
You see here a +0 robe.
Things that are here:
a +0 leather armour; a +0 flail
There is a stone staircase leading up here.
You fly upwards.
There is a stone staircase leading down here.
There is a stone staircase leading up here.
You fly upwards.
There is a stone staircase leading down here.
There is a stone staircase leading down here.
Things that are here:
a quokka skeleton; a hobgoblin skeleton
There is an open door here.
There is an open door here.
There is an open door here.
There is a staircase leading out of the dungeon here.
You have escaped!

........#####.....##.....#
#.............######.....#
#######...##.............# #
###.......####.....# #
###...#..........### #
#.########.......# #.####
##......#.######
#######....###.......#.......
#..........#@###########...##
#........###.### ##.#..#
#####........#.'.'.# ##..##..
....#......###.###.### #>.####.
#...#....[.#.'#+.'#'.# #.## ##
....#.######.###.###.#####.######
......# #.'#'.'#'.+#'.##..#.....
....#.# #.###)###.###.#..#..###.
...##.####.##..........##...## #.


There were no monsters in sight!

Vanquished Creatures
  A jelly (D:4)
  An orc priest (D:4)
  2 iguanas (D:4)
  Natasha (twice) (D:3)
  4 adders
  3 dart slugs
  2 ribbon worms (D:2)
  7 orcs
  8 ball pythons
  2 bats
  5 endoplasms
  10 goblins
  5 hobgoblins
  5 kobolds
  3 quokkas
  2 frilled lizards
  2 rats (D:1)
64 creatures vanquished.

Notes
Turn   | Place    | Note
-------+----------+-------------------------------------------
     0 | D:1      | protoss039 the Demonspawn Earth Elementalist began the
                  | quest for the Orb.
     0 | D:1      | Reached XP level 1. HP: 13/13 MP: 3/3
   131 | D:1      | Gained mutation: Your touch may inflict minor irresistible
                  | damage on your foes. [demonic ancestry]
   131 | D:1      | Reached XP level 2. HP: 20/20 MP: 5/5
   173 | D:1      | Reached skill level 1 in Fighting
   621 | D:2      | Found a faded altar of an unknown god.
   626 | D:2      | Got Plato's Vellum of Anathema
   981 | D:2      | Reached XP level 3. HP: 16/26 MP: 0/6
  1417 | D:2      | Gained mutation: You are surrounded by a mild repulsion
                  | field. (EV +2) [demonic ancestry]
  1417 | D:2      | Reached XP level 4. HP: 33/33 MP: 4/8
  1811 | D:3      | Learned a level 3 spell: Passwall
  1815 | D:3      | Learned a level 3 spell: Stone Arrow
  1938 | D:3      | Noticed Natasha
  1941 | D:3      | Killed Natasha
  2382 | D:3      | Noticed Natasha
  2486 | D:3      | Killed Natasha
  2487 | D:3      | Gained mutation: You are surrounded by a moderate repulsion
                  | field. (EV +3) [demonic ancestry]
  2487 | D:3      | Reached XP level 5. HP: 39/39 MP: 7/9
  2682 | D:4      | Found a staircase to the Ecumenical Temple.
  2695 | Temple   | Found a transporter.
  2695 | Temple   | Found a transporter.
  2695 | Temple   | Found a transporter.
  2695 | Temple   | Found a transporter.
  2695 | Temple   | Entered the Ecumenical Temple
  2710 | Temple   | Became a worshipper of Vehumet
  2795 | D:4      | Gained mutation: You may rarely emit foul miasma when
                  | damaged in melee. [demonic ancestry]
  2795 | D:4      | Reached XP level 6. HP: 46/46 MP: 8/11
  2912 | D:$      | Got out of the dungeon alive.

Illustrated notes

Levels and vault maps discovered:
D:1:      erik_arrival_triangle_medium, layout_rooms, palyth_stone_intersect
D:2:      layout_loops_ring, shapermc_ecumenical_altar_rom_forum
D:3:      layout_loops_ring, uniq_natasha
D:4:      layout_cave_pods, temple_pool_b, wad_floor_pattern_untrapped,
          uniq_grinder, uniq_edmund, uniq_menkaure
Temple:   hellmonk_temple_divided_pantheon

Skill      XL: |  1  2  3  4  5 |
---------------+----------------+-----
Fighting       | 1 2 |  2.8
Earth Magic    | 3 |  3.9
Spellcasting   | 3 |  3.3
Dodging        | 2 |  2.5
Conjurations   | 2 |  2.0
Stealth        | |  1.7

Action                     |  1- 3 |  4- 6 || total
---------------------------+-------+-------++-------
  Melee: Short sword       |    11 |     8 ||    19
         Touch             |     2 |     4 ||     6
   Cast: Sandblast         |    52 |    44 ||    96
         Stone Arrow       |       |     3 ||     3
    Use: Potion            |       |     1 ||     1
 Armour: Robe              |    27 |       ||    27
         Ring mail         |       |    26 ||    26
  Dodge: Dodged            |    15 |    32 ||    47

Table legend: (Time is in decaauts)
 A = Elapsed time spent in this place.
 B = Non-inter-level travel time spent in this place.
 C = Inter-level travel time spent in this place.
 D = Time resting spent in this place.
 E = Time spent auto-exploring this place.
 F = Levels seen in this place.
 G = Mean time per level.
                   A        B        C        D        E       F      G
               +--------+--------+--------+--------+--------+-----+--------+
         Total |   2958 |   2700 |    258 |    101 |   2116 |   5 |  591.6 |
       Dungeon |   2927 |   2676 |    251 |    101 |   2116 |   4 |  731.8 |
        Temple |     30 |     23 |      7 |      0 |      0 |   1 |   30.0 |
               +--------+--------+--------+--------+--------+-----+--------+

Top non-repeatable levels by time:
     D:2: 1178 daAuts
     D:3: 802 daAuts
     D:1: 662 daAuts
     D:4: 284 daAuts
  Temple: 30 daAuts
